 Dungeon Crawl Stone Soup version 0.17-a0-1642-gd4b747b (webtiles) character file.

119 maniek23 the Shield-Bearer (level 4, -4/40 HPs)
             Began as a Minotaur Fighter on Aug 8, 2015.
             Slain by a centaur (5 damage)
             ... on level 4 of the Dungeon.
             The game lasted 00:04:27 (1620 turns).

maniek23 the Shield-Bearer (Minotaur Fighter)       Turns: 1620, Time: 00:04:27

Health: -4/40      AC:  8    Str: 22    XL:     4   Next: 74%
Magic:  3/3        EV:  8    Int:  5    God:
Gold:   130        SH:  9    Dex:  9    Spells: 0 memorised, 3 levels left

rFire  . . .     SeeInvis .     a - +0 long sword
rCold  . . .     Clarity  .     b - +0 scale mail
rNeg   . . .     SustAt   .     c - +0 shield
rPois  .         Gourm    .     (helmet restricted)
rElec  .         Spirit   .     (no cloak)
rCorr  .         Warding  .     p - +0 pair of gloves
rMut   .         Stasis   .     (no boots)
MR     .....                    u - amulet of rage
Stlth  ..........               (no ring)
                                (no ring)

@: not resistant to hostile enchantments, extremely unstealthy
A: retaliatory headbutt, horns 2
a: Evoke Berserk Rage


You were on level 4 of the Dungeon.
You were hungry.

You visited 1 branch of the dungeon, and saw 4 of its levels.

You collected 130 gold pieces.

Inventory:

Hand weapons
 a - a +0 long sword (weapon)
Armour
 b - a +0 scale mail (worn)
 c - a +0 shield (worn)
 p - a +0 pair of gloves (worn)
Jewellery
 u - an amulet of rage (around neck)
Scrolls
 i - 2 scrolls of remove curse {unknown}
 j - 4 scrolls of identify {unknown}
 q - 2 scrolls of enchant armour {unknown}
 r - a scroll of teleportation {unknown}
 s - 2 scrolls of fog {unknown}
 t - a scroll of magic mapping {unknown}
Potions
 d - 2 potions of might
 h - 2 potions of haste {unknown}
 k - a potion of curing {unknown}
 l - 2 potions of magic {unknown}
 m - a potion of brilliance {unknown}
 n - 2 potions of heal wounds {unknown}
Comestibles
 e - a bread ration
 f - 6 chunks of flesh
 g - 2 meat rations
 o - 2 slices of pizza


   Skills:
 + Level 4.1 Fighting
 * Level 3.7 Long Blades
 + Level 4.6 Armour
 - Level 0.7 Dodging
 - Level 0.1 Stealth
 + Level 4.7 Shields


You had 3 spell levels left.
You didn't know any spells.

Dungeon Overview and Level Annotations

Branches:
Dungeon (4/15)
 Temple: D:4-7

Altars:
Fedhas


Innate Abilities, Weirdness & Mutations

You reflexively headbutt those who attack you in melee.
You have a pair of horns on your head.


Message History

You close the door.
A centaur opens the door.
You hit the centaur but do no damage. Your headbutt misses the centaur.
The centaur unwields an uncursed shortbow.
You block the centaur's attack. x2
You barely miss the centaur. You block the centaur's attack.
The centaur barely misses you.
You completely miss the centaur. The centaur hits you.
* * * LOW HITPOINT WARNING * * *
You hit the centaur. Your headbutt misses the centaur.
The centaur is moderately wounded.
The centaur hits you but does no damage.
The centaur hits you.
* * * LOW HITPOINT WARNING * * *
You slash the centaur!
The centaur is severely wounded.
The centaur hits you.
* * * LOW HITPOINT WARNING * * *
The centaur hits you.
You die...

#.#. #.# #.#.
#.####### #.#.
#.......#
#.#.##.......#
#.#..#.......#
#.#..#.......#########
#.##.#....PP.'.((....+
#....#...P≈♣c###c#..##
####.#....≈♣@.#..((..#
#.#>..≈≈≈P..P.PPP.+
#.#........#P.P.P.#
#.#..#.###.#PP_PP.#
#....#.# #.#.PPP .
###.##.# .#. P .. ..#
# ##. .# #### .. .#


You could see a centaur.

Vanquished Creatures
  A hound (D:4)
  2 adders (D:2)
  3 worms
  A giant gecko (D:1)
  An orc (D:3)
  6 giant cockroaches
  13 goblins
  9 hobgoblins
  6 kobolds
  2 ball pythons
  11 bats
  2 giant newts
  4 rats
61 creatures vanquished.

Notes
Turn   | Place    | Note
--------------------------------------------------------------
     0 | D:1      | maniek23 the Minotaur Fighter began the quest for the Orb.
     0 | D:1      | Reached XP level 1. HP: 19/19 MP: 0/0
    65 | D:1      | Reached skill level 4 in Shields
    82 | D:1      | Reached XP level 2. HP: 17/27 MP: 1/1
   366 | D:1      | Reached XP level 3. HP: 22/33 MP: 2/2
  1013 | D:2      | Reached XP level 4. HP: 38/40 MP: 3/3
  1543 | D:3      | You fall through a shaft!
  1597 | D:4      | Found a blossoming altar of Fedhas.
  1603 | D:4      | Noticed a centaur
  1620 | D:4      | HP: 1/40 [centaur (6)]
  1620 | D:4      | Slain by a centaur

Vault maps used:
D:1:      lightli_arrival_chessboard
D:2:      serial_glass, glass_columns_c, glass_columns_c,
          minmay_goblin_kobold_house
D:4:      nicolae_ossuary_entry_giza, serial_shops, shop, serial_bayou_pond_d,
          fedhas_bush_and_centaur_altar, uniq_blork_the_orc

Action                   |  1- 3 |  4- 6 || total
-------------------------+-------+-------++-------
Melee: Long sword        |   123 |    42 ||   165
  Eat: Chunk             |       |     2 ||     2
